 Dungeon Crawl Stone Soup version 0.22.1-1-ga44c0e5 (webtiles) character file.

2328 HoaS the Fighter (level 9, -7/74 HPs)
             Began as a Formicid Fighter on Oct 6, 2018.
             Was a Follower of Wu Jian.
             Mangled by an orc warrior
             ... wielding a +0 hand axe
              (13 damage)
             ... on level 6 of the Dungeon.
             The game lasted 00:22:04 (6434 turns).

HoaS the Fighter (Formicid Fighter)                 Turns: 6434, Time: 00:22:05

Health: -7/74      AC:  0    Str: 24    XL:     9   Next: 69%
Magic:  9/9        EV: 13    Int:  8    God:    Wu Jian [*.....]
Gold:   276        SH:  0    Dex: 10    Spells: 8/8 levels left

rFire    . . .     SeeInvis .   (weapon currently unavailable)
rCold    . . .     Gourm    .   (shield currently unavailable)
rNeg     . . .     Faith    .   (armour currently unavailable)
rPois    .         Spirit   .   (helmet unavailable)
rElec    .         Reflect  .   (cloak currently unavailable)
rCorr    .         Harm     .   (gloves currently unavailable)
MR       .....                  (boots currently unavailable)
Stlth    +.........             (no amulet)
HPRegen  0.22/turn              (ring currently unavailable)
MPRegen  0.11/turn              (ring currently unavailable)

@: pig-form, very quick
A: small, permanent stasis, dig shafts and tunnels, four strong arms
a: Renounce Religion


You were on level 6 of the Dungeon.
You worshipped Wu Jian.
Wu Jian was aware of your devotion.
You were not hungry.
You were a filthy swine.
You visited 1 branch of the dungeon, and saw 7 of its levels.

You collected 276 gold pieces.

Inventory:

Hand Weapons
 a - a +5 quarterstaff (melded)
Armour
 c - a +1 shield (melded)
 l - a +0 plate armour (melded)
Jewellery
 e - a ring of protection from cold (melded)
 r - a ring of protection from fire (melded)
 v - an uncursed ring of protection from cold
Wands
 p - a wand of flame (24)
Scrolls
 g - 4 scrolls of remove curse
 j - 6 scrolls of identify
 n - a scroll of fog
 s - a scroll of fear
Potions
 b - a potion of resistance
 d - 2 potions of might
 h - 3 potions of curing
 i - 3 potions of lignification
 k - 2 potions of agility
 m - 3 potions of cancellation
 o - 2 potions of haste
 q - a potion of mutation
 t - 2 potions of heal wounds
Comestibles
 f - 12 rations


   Skills:
 * Level 8.2 Fighting
 * Level 7.9 Staves
 + Level 6.2 Armour
 + Level 6.8 Shields


You had 8 spell levels left.
You didn't know any spells.
Your spell library contained the following spells:

 Spells                   Type           Power        Failure   Level  Hunger
 Corona                   Hex            #......      41%         1    ##.....
 Flame Tongue             Conj/Fire      #....        41%         1    ##.....
 Ensorcelled Hibernation  Hex/Ice        #.....       54%         2    ###....
 Throw Flame              Conj/Fire      #.....       54%         2    ###....
 Confuse                  Hex            #.......     78%         3    ####...
 Conjure Flame            Conj/Fire      #.......     78%         3    ####...
 Dazzling Spray           Conj/Hex       #.....       78%         3    ####...
 Inner Flame              Hex/Fire       #.......     78%         3    ####...
 Tukima's Dance           Hex            #.......     78%         3    ####...
 Sticky Flame             Conj/Fire      #.......     99%         4    #####..
 Fireball                 Conj/Fire      #.........   100%        5    ######.


Dungeon Overview and Level Annotations

Branches:
Dungeon (7/15)
 Temple: D:4-7

Altars:
Ashenzari
Dithmenos
Nemelex Xobeh
Okawaru
Qazlal
Uskayaw
Vehumet
Wu Jian
Xom

Shops:
D:6 :


Innate Abilities, Weirdness & Mutations

You cannot be hasted, slowed, berserked, paralysed or teleported.
You can dig through walls and to a lower floor.
Your four strong arms can wield two-handed weapons with a shield.
((You have a pair of large antennae on your head. (SInv)))


Message History

You hit the orc warrior but do no damage.
The orc warrior misses you.
You hit the orc warrior but do no damage.
The orc warrior hits you with a hand axe!
You hit the orc warrior.
The orc warrior is lightly wounded.
You hit the orc warrior but do no damage.
The orc warrior is lightly wounded.
The orc warrior hits you with a hand axe!
You hit the orc warrior.
The orc warrior is moderately wounded.
The orc warrior zaps a wand.
You easily resist.
You hit the orc warrior.
The orc warrior is moderately wounded.
The orc warrior hits you with a hand axe!
* * * LOW HITPOINT WARNING * * *
You barely miss the orc warrior.
The orc warrior is moderately wounded.
The orc warrior hits you with a hand axe!
You die...

........# #..........#.........##
........# #..........#.......###
........# #..........#......##
(.......# #.........[#..|...#
.....#### #......<...#....[[#
##...## ##..........#......#
##...(####...........#......#
.....................#......#####
.......#...#....h................
......###.###..)o...........#####
#.##...#...#...###..........#....
..##....._.....###..........#.###
..##...#...#..##...............#
..##..###.###.##.#....#######..#
..##...#...#..##.#....### #..#
..##..........##.#......# #..#
..##..........##.#......# #..#


You could see an orc warrior.

Vanquished Creatures
  Harold (D:7)
  The ghost of Exporg the Chopper, a novice FoFi of Okawaru (D:6)
  Duvessa (D:6)
  An ice beast (D:7)
  A centaur (D:6)
  Dowan (D:6)
  A scorpion (D:5)
  5 wights
  A crimson imp (D:5)
  A quasit (D:6)
  2 hounds
  Ijyb (D:3)
  3 worker ants
  Natasha (thrice) (D:2)
  2 orc wizards (D:4)
  A hound zombie (D:4)
  10 adders
  5 gnolls
  An ooze (D:3)
  2 adder skeletons (D:4)
  3 worms (D:2)
  2 dart slugs
  5 leopard geckos
  3 orcs
  3 giant cockroaches
  6 goblins
  6 hobgoblins
  11 jackals
  7 kobolds
  A quokka (D:2)
  11 bats
  4 frilled lizards
  A leopard gecko skeleton (D:7)
  A quokka zombie (D:6)
  10 rats
118 creatures vanquished.

Vanquished Creatures (others)
  A quokka (D:7)
1 creature vanquished.

Grand Total: 119 creatures vanquished

Notes
Turn   | Place    | Note
-------+----------+-------------------------------------------
     0 | D:1      | HoaS the Formicid Fighter began the quest for the Orb.
     0 | D:1      | Reached XP level 1. HP: 18/18 MP: 1/1
    70 | D:1      | Reached XP level 2. HP: 24/24 MP: 2/2
   349 | D:1      | Reached XP level 3. HP: 29/29 MP: 3/3
   657 | D:2      | Reached XP level 4. HP: 20/35 MP: 4/4
  1114 | D:2      | Found an iron altar of Okawaru.
  1273 | D:2      | Reached XP level 5. HP: 36/42 MP: 5/5
  1375 | D:2      | Found a faded altar of an unknown god.
  1514 | D:2      | Noticed Natasha
  1529 | D:2      | Killed Natasha
  1677 | D:2      | Reached skill level 4 in Fighting
  1980 | D:2      | Noticed Natasha
  2003 | D:2      | Killed Natasha
  2073 | D:2      | Noticed Natasha
  2291 | D:2      | Killed Natasha
  2291 | D:2      | Reached XP level 6. HP: 46/48 MP: 6/6
  2488 | D:3      | Found an ornate altar of the Wu Jian Council.
  2496 | D:3      | Became a worshipper of the Wu Jian Council
  2670 | D:3      | Noticed Ijyb
  2689 | D:3      | Killed Ijyb
  3307 | D:4      | Found a sparkling altar of Nemelex Xobeh.
  3317 | D:4      | Found a shimmering altar of Xom.
  3366 | D:4      | Reached skill level 5 in Staves
  3558 | D:4      | Reached XP level 7. HP: 49/55 MP: 7/7
  3586 | D:4      | Found a hide-covered altar of Uskayaw.
  3967 | D:5      | Entered Level 5 of the Dungeon
  4081 | D:5      | Reached skill level 5 in Fighting
  4148 | D:5      | Found a shimmering altar of Xom.
  4502 | D:5      | Reached skill level 5 in Shields
  4660 | D:6      | Reached * piety under Wu Jian
  4768 | D:6      | Found a shadowy altar of Dithmenos.
  4813 | D:6      | Found a radiant altar of Vehumet.
  4860 | D:6      | Reached XP level 8. HP: 63/64 MP: 8/8
  4904 | D:6      | Noticed Dowan
  4905 | D:6      | Noticed Duvessa
  4921 | D:6      | Found a shattered altar of Ashenzari.
  4946 | D:6      | Killed Duvessa
  4946 | D:6      | Reached skill level 6 in Fighting
  4957 | D:6      | Killed Dowan
  5063 | D:6      | Reached skill level 5 in Armour
  5074 | D:6      | Found Vets's Book Boutique.
  5319 | D:6      | Found a runed door.
  5322 | D:6      | Noticed Exporg's ghost (novice FoFi)
  5624 | D:7      | Noticed Harold
  5649 | D:7      | Killed Harold
  5649 | D:7      | Reached skill level 7 in Fighting
  5649 | D:7      | Reached XP level 9. HP: 25/72 MP: 9/9
  5969 | D:6      | Killed Exporg's ghost
  5969 | D:6      | Reached skill level 8 in Fighting
  6157 | D:7      | Found a stormy altar of Qazlal.
  6434 | D:6      | Mangled by an orc warrior

Skill      XL: |  1  2  3  4  5  6  7  8  9 |
---------------+----------------------------+-----
Staves         | 3 4 5 7 |  7.9
Shields        | 4 5 6 |  6.8
Fighting       | 4 5 7 8 |  8.2
Armour         | 4 5 6 |  6.2

Action                   |  1- 3 |  4- 6 |  7- 9 || total
-------------------------+-------+-------+-------++-------
Melee: Quarterstaff      |    82 |   286 |   177 ||   545
       Unarmed           |       |       |    11 ||    11
Invok: Lunge             |       |     4 |    12 ||    16
       Whirlwind         |       |       |     8 ||     8
  Use: Scroll            |     6 |    11 |     9 ||    26
       Potion            |       |     1 |       ||     1
  Eat: Chunk             |       |     9 |     6 ||    15
       Ration            |       |       |     1 ||     1
Armor: Scale mail        |    38 |    28 |       ||    66
       Plate armour      |       |   121 |    68 ||   189
Dodge: Dodged            |    28 |    65 |    28 ||   121
Block: Shield            |    46 |   164 |    92 ||   302
